Map: Catalyst LE

Players

LiquidSnute (Snute) - Winner!

  • Race: Zerg Zerg
  • League: Master
  • Spawn Location: 11:00

Zanster

  • Race: Zerg Zerg
  • League: Master
  • Spawn Location: 5:00

Event: HomeStory Cup XVI

VOD

Have the link to the VOD?

Description

Time

  • Played on: Nov. 9, 2017, 11:12 a.m.
  • Length: 7:37

All games in this series

Show
View Real Time Build Order
Export as new Build Order

LiquidSnute Zerg - Winner!

Build Orders: Hatch First 

Get SALT Encoding   

  12  0:00  Drone  
  13  0:12  Overlord  
  13  0:17  Drone  
  14  0:30  Drone x2  
  14  0:34  Drone  
  17  0:51  Hatchery  
  17  0:54  Drone  
  17  0:58  Drone  
  17  0:59  Extractor  
  17  1:13  Spawning Pool  
  17  1:16  Drone  
  17  1:20  Drone  
  18  1:28  Drone  
  19  1:38  Overlord  
  19  1:50  Drone  
  20  2:00  Queen, Metabolic Boost  
  22  2:03  Queen  
  22  2:05  Drone  
  25  2:09  Drone  
  25  2:13  Drone  
  27  2:17  Drone  
  27  2:21  Drone  
  29  2:25  Drone  
  30  2:32  Zergling x2  
  30  2:35  Zergling x2  
  32  2:42  Hatchery  
  32  2:43  Zergling x2  
  32  2:49  Baneling Nest, Zergling x2  
  32  2:55  Drone  
  32  2:57  Overlord  
  33  3:06  Zergling x2  
  33  3:08  Drone x2  
  36  3:14  Drone  
  36  3:15  Drone x3  
  36  3:16  Drone  
  36  3:18  Drone  
  40  3:27  Overlord  
  40  3:28  Drone  
  40  3:33  Baneling x2  
  41  3:34  Zergling x2  
  41  3:38  Zergling x2  
  42  3:41  Extractor, Queen  
  44  3:49  Zergling x4  
  44  3:54  Zergling x14  
  51  4:00  Baneling x2  
  51  4:02  Zergling x4  
  53  4:04  Zergling x2  
  53  4:07  Baneling  
  53  4:10  Zergling x2  
  46  4:18  Drone x2  
  46  4:21  Drone  
  46  4:23  Drone  
  49  4:26  Drone x3  
  49  4:27  Drone  
  53  4:33  Drone x2  
  53  4:35  Roach Warren  
  53  4:37  Extractor, Drone  
  53  4:45  Drone  
  53  4:46  Drone  
  53  4:47  Drone  
  54  4:56  Drone x4  
  54  4:58  Zergling x2  
  58  5:04  Extractor  
  58  5:05  Baneling x2  
  58  5:06  Overlord  
  57  5:09  Overlord x2  
  57  5:10  Zergling x2  
  58  5:26  Roach x4  
  66  5:29  Overlord  
  66  5:33  Overlord  
  66  5:35  Overlord  
  66  5:36  Roach x5  
  66  5:41  Evolution Chamber  
  75  5:43  Roach x2  
  75  5:46  Overlord  
  75  5:49  Overlord  
  80  5:50  Overlord  
  80  5:51  Roach x2  
  80  5:52  Roach  
  80  5:56  Ravager  
  87  6:02  Zergling x12  
  92  6:06  Ravager  
  93  6:12  Zergling x12  
  93  6:13  Zergling x2  
  99  6:18  Queen  
  99  6:22  Zergling x6  
  104  6:28  Zergling x4  
  104  6:30  Baneling x2  
  104  6:32  Baneling x8  
  106  6:34  Zergling x2  
  106  6:37  Zergling x6  
  96  6:55  Zergling x14  
  96  6:58  Ravager x2  
  96  7:01  Roach x2  
  106  7:06  Roach  
  106  7:10  Roach  
  106  7:12  Overlord  
  106  7:14  Extractor  
Show
View Real Time Build Order
Export as new Build Order

Zanster Zerg 

Build Orders: Hatch First, Zergling Baneling 

Get SALT Encoding   

  12  0:00  Drone  
  13  0:12  Overlord  
  13  0:16  Drone  
  14  0:30  Drone  
  14  0:31  Drone  
  14  0:34  Drone  
  17  0:53  Hatchery  
  17  0:56  Drone  
  17  0:59  Drone  
  18  1:06  Extractor  
  17  1:14  Spawning Pool  
  16  1:18  Drone  
  16  1:21  Drone  
  18  1:27  Drone  
  19  1:39  Drone  
  20  1:50  Overlord  
  20  2:02  Queen  
  20  2:04  Queen  
  20  2:06  Zergling x4  
  20  2:08  Metabolic Boost  
  26  2:12  Zergling x2  
  27  2:15  Drone  
  27  2:21  Drone  
  29  2:26  Drone  
  30  2:32  Baneling Nest  
  30  2:33  Drone  
  30  2:37  Drone  
  30  2:43  Drone  
  32  2:53  Hatchery  
  32  2:56  Overlord  
  31  3:06  Zergling x6  
  34  3:15  Zergling x2  
  34  3:16  Zergling x6  
  34  3:19  Zergling x4  
  38  3:21  Zergling x2  
  38  3:30  Zergling x2  
  38  3:31  Zergling x2  
  40  3:35  Queen  
  40  3:38  Overlord  
  42  3:43  Baneling x2  
  42  3:45  Baneling x2  
  37  3:57  Drone  
  37  3:58  Drone x4  
  41  4:03  Zergling x4  
  41  4:07  Overlord  
  39  4:22  Baneling  
  39  4:23  Baneling x3  
  37  4:25  Queen  
  37  4:28  Zergling x2  
  37  4:29  Zergling x8  
  44  4:34  Zergling x6  
  47  4:41  Overlord  
  46  4:47  Baneling x2  
  46  4:50  Drone  
  46  4:51  Drone x4  
  51  4:57  Drone x3  
  51  5:06  Evolution Chamber  
  50  5:07  Drone x4  
  50  5:12  Zergling x4  
  56  5:18  Overlord  
  56  5:19  Drone  
  56  5:20  Drone  
  58  5:21  Drone  
  58  5:22  Drone  
  58  5:24  Drone  
  58  5:25  Drone  
  58  5:27  Drone  
  63  5:34  Extractor  
  61  5:36  Drone x2, Roach Warren  
  61  5:37  Drone  
  61  5:41  Overlord  
  61  5:43  Overlord  
  61  5:49  Lair  
  60  5:58  Overlord  
  59  6:07  Extractor  
  59  6:09  Extractor  
  57  6:14  Overlord  
  57  6:16  Roach  
  57  6:17  Roach x6  
  70  6:22  Roach, Zergling x8  
  76  6:31  Overlord  
  76  6:32  Roach x2, Zergling x6  
  83  6:36  Overlord  
  83  6:39  Roach  
  85  6:40  Roach  
  85  6:47  Roach x3  
  78  6:55  Roach x2, Zergling x2  
  78  6:56  Roach  
  78  6:58  Zergling x2  
  74  7:02  Roach, Zergling x2  
  74  7:06  Roach  
  59  7:09  Roach  
Tags
 
Add a new tag
Caveats
  • Supply blocks, unpowered buildings, or Contaminate may cause inaccurate times.
  • Supply counts are checked every 10 seconds.